Unix NetHack Version 5.0.0-0 post-release - last build May 17 2026 04:57:42 (dc50c8380fa5e20985bfe3072449f57b8d9895ef,branch:main).

Game began 2026-05-20 11:17:59, ended 2026-05-20 11:40:57.

Drastanta, lawful female human Samurai

                                                                      ----
                                                                      |..|
                                     ----                             |..|
                                  ----..|                           ---..|
                 --- ---        ---.....--                          |.G..|
               | |..--..        |........|                       ----[|@.|
               |.|..*...---     |........---                 -----..%.|-.|
               |..........      |..........---               |.....----|.|
         --   --..........-      -...........--              |.-----   |.---
         |... |...........--------...-......?.|          --- |.|       |...|
         |.....................|..............--------- --.---.|       ---.--
   -------................---.........................---...|..--        |..--
   |......................................-----------.(.........--       --..|
   |....................%<............|...--        -------......---      --.|
   |...........   -- --..............----..--            --).......|       |.--
   ---..              -..............-- |....            |....*....|       |..|
     |               |......--........---.....          --.........|       |..|
                     --(...----..........---...         |.......----       ----
                      --...|  |.........--  --.|        |.---...|
                       --.--  -----.--..|     --        --  --.--
                        ---       -------                    ---
Drastanta the Ronin    St:15 Dx:16 Co:18 In:11 Wi:8 Ch:7  Lawful
Dlvl:6  $:181 HP:0(43) Pw:13(13) AC:4  Xp:5 T:1894 

Latest messages:
 The aklys welds itself to the dwarf's hand!
 You hit the dwarf.
 The gnome lord wields a dagger!
 You miss the dwarf.
 The dwarf swings his aklys.
 The dwarf hits!
 You miss the dwarf.
 You miss the dwarf.
 The dwarf swings his aklys.
 The dwarf hits!
 You hit the dwarf.
 The gnome lord shoots 3 crossbow bolts!
 The 1st crossbow bolt hits the dwarf.
 The dwarf is killed!
 You are hit by the 2nd crossbow bolt.
 You are hit by the 3rd crossbow bolt.
 You hit the gnome lord!
 The gnome lord wields a dagger!
 You kill the gnome lord!
 The gnome picks up a crossbow.
 You miss the gnome.
 The gnome hits!
 You hit the gnome!
 The gnome hits!
 You kill the gnome!
 You already found a monster.  Use 'm' prefix to force another search.
 You already found a monster.  Use 'm' prefix to force another search.
 You already found a monster.  Use 'm' prefix to force another search.
 You feel more confident in your weapon skills.
 (Tip: use the #enhance command to advance them.)
 You hit the gnome lord.
 The gnome lord swings his bow.
 The gnome lord hits!
 You hit the gnome lord!
 The gnome lord swings his bow.
 The gnome lord misses!
 You hit the gnome lord.
 The gnome lord swings his bow.
 The gnome lord hits!
 What do you want to write with? [- acdjkmqxB or ?*] -
 You write in the dust with your fingertip.
 What do you want to write in the dust here? Elbereth
 The gnome lord swings his bow.
 The gnome lord hits!
 You die...
 Do you want your possessions identified? [ynq] (y) y
 Do you want to see your attributes? [ynq] (y) n
 Do you want an account of creatures vanquished? [ynaq] (y) n
 Do you want to see your conduct and achievements? [ynq] (y) n
 Do you want to see the dungeon overview? [ynq] (y) n

Inventory:
 Coins    ('$')
  $ - 181 gold pieces
 Amulets  ('"')
  A - an uncursed amulet of flying
 Weapons  (')')
  d - 28 +0 ya (in quiver)
  c - a +0 yumi (alternate weapon; not wielded)
  a - a +0 katana
  x - a +0 long sword
  m - the blessed +0 Sunsword (weapon in right hand, brilliantly lit)
 Armor    ('[')
  C - a blessed +0 helm of caution
  e - a blessed rustproof +0 splint mail (being worn)
 Comestibles  ('%')
  s - 2 uncursed carrots
  F - an uncursed gunyoki
 Scrolls  ('?')
  D - a blessed scroll of destroy armor
  v - 2 blessed scrolls of enchant armor
  i - an uncursed scroll of gold detection
  p - an uncursed scroll of identify
  l - an uncursed scroll of magic mapping
 Spellbooks  ('+')
  y - an uncursed spellbook of invisibility
 Potions  ('!')
  n - an uncursed potion of enlightenment
  r - an uncursed potion of gain ability
  f - an uncursed potion of healing
  z - an uncursed potion of invisibility
  h - a cursed potion of paralysis
 Rings    ('=')
  j - a blessed +1 ring of gain strength
  k - an uncursed ring of sustain ability
 Wands    ('/')
  q - a wand of nothing (0:12)
 Tools    ('(')
  w - an uncursed tin whistle
  B - an uncursed towel

Drastanta the Samurai's attributes:

Background:
 You were a Ronin, a level 5 female human Samurai.
 You were lawful, on a mission for Amaterasu Omikami
 who was opposed by Raijin (neutral) and Susanowo (chaotic).
 You were right-handed.
 You were in the Gnomish Mines, on level 6.
 You entered the dungeon 1894 turns ago.
 You had 240 experience points, 80 more were needed to attain level 6.

Basics:
 You had 0 out of 43 hit points.
 You had all 13 energy points (spell power).
 Your armor class was 4.
 Your wallet contained 181 zorkmids.
 Autopickup was off.

Final Characteristics:
 Your strength was 15 (limit:18/100).
 Your dexterity was 16 (limit:18).
 Your constitution was 18 (limit:18).
 Your intelligence was 11 (limit:18).
 Your wisdom was 8 (limit:18).
 Your charisma was 7 (limit:18).

Final Status:
 You weren't hungry.
 You were unencumbered.
 You were wielding a long sword.
 You had basic skill with long sword and could have enhanced that.

Final Attributes:
 You were devoutly aligned.
 You weren't subject to light-induced blindness.
 You were telepathic.
 You were warded.
 You were fast.
 You are dead.

Miscellaneous:
 You didn't encounter any bones levels.
 Total elapsed playing time was 22 minutes and 58 seconds.

Major events:
 Turn
    1: Drastanta the lawful female human Samurai entered the dungeon
  455: found Sunsword on the floor
  893: attained the rank of Ronin (level 3)
 1368: entered the Gnomish Mines
 1894: killed by a gnome lord

You didn't know any spells.

Skills:
 Fighting Skills
   martial arts      [Basic]
   two weapon combat [Unskilled]
   riding            [Unskilled]
 Weapon Skills
   dagger            [Unskilled]
   knife             [Unskilled]
   short sword       [Basic]
   broadsword        [Unskilled]
   long sword        [Basic]
   two-handed sword  [Unskilled]
   saber             [Unskilled]
   flail             [Unskilled]
   quarterstaff      [Unskilled]
   polearms          [Unskilled]
   spear             [Unskilled]
   lance             [Unskilled]
   bow               [Basic]
   shuriken          [Unskilled]
 Spellcasting Skills
   attack spells     [Unskilled]
   divination spells [Unskilled]
   clerical spells   [Unskilled]

Voluntary challenges:
 Character rerolling was not enabled.
 You never genocided any monsters.
 You never polymorphed an object.
 You never changed form.
 You used no wishes.
Achievements:
 You entered a shop.
 You attained the rank of Ronin.
 You entered the Gnomish Mines.

 The Dungeons of Doom: levels 1 to 5
    Level 1:
       A sink.
    Level 2:
    Level 3:
       A general store, a fountain.
    Level 4:
       Stairs down to The Gnomish Mines.
    Level 5:
 The Gnomish Mines: levels 5 to 6
    Level 5:
    Level 6: <- You were here.
       Final resting place for
          you, killed by a gnome lord.


Vanquished creatures:
  a small mimic
  a gnome ruler
 an imp
  2 gnome leaders
  a little dog
  2 floating eyes
  a dwarf
  a hobbit
  a large kobold
  a giant rat
 13 gnomes
  2 gnome zombies
  2 geckos
  5 jackals
  a fox
  a goblin
  a sewer rat
  2 grid bugs
  a lichen
  a kobold zombie
  2 newts
43 creatures vanquished.

No species were genocided or became extinct.

Game over:
                       ----------
                      /          \
                     /    REST    \
                    /      IN      \
                   /     PEACE      \
                  /                  \
                  |    Drastanta     |
                  |      181 Au      |
                  |   killed by a    |
                  |    gnome lord    |
                  |                  |
                  |                  |
                  |       2026       |
                 *|     *  *  *      | *
        _________)/\\_//(\/(/\)/\//\/|_)_______

Sayonara Drastanta the Samurai...

You died in The Gnomish Mines on dungeon level 6 with 1373 points,
and 181 pieces of gold, after 1894 moves.
You were level 5 with a maximum of 43 hit points when you died.

